[ AOE2 MATCH · #474330449 ]
UnrankedMongols vs Bohemians
[ REPLAY ANALYSIS · EXTRACTED FROM THE RECORDED GAME ]
Feudal
11:08
Castle
15:03
Imperial
—
| APM avg | 26.6 |
| APM peak | 95 |
| eAPM avg | 14.2 |
| Villagers / military | 47 / 0 |
Focus
⚔️ 7.5% · 🌾 92.5%
Feudal
13:45
Castle
—
Imperial
—
| APM avg | 18.4 |
| APM peak | 53 |
| eAPM avg | 9.9 |
| Villagers / military | 70 / 0 |
Focus
⚔️ 8.2% · 🌾 91.8%
Fishing Ship ×5 · Trade Cart ×1
Feudal
12:00
Castle
—
Imperial
—
| APM avg | 21.0 |
| APM peak | 47 |
| eAPM avg | 13.3 |
| Villagers / military | 30 / 0 |
Focus
⚔️ 13.0% · 🌾 87.0%
Fishing Ship ×1
Feudal
12:12
Castle
—
Imperial
—
| APM avg | 17.2 |
| APM peak | 38 |
| eAPM avg | 11.1 |
| Villagers / military | 40 / 6 |
Focus
⚔️ 18.5% · 🌾 81.5%
Militia ×6
Feudal
13:14
Castle
—
Imperial
—
| APM avg | 24.2 |
| APM peak | 71 |
| eAPM avg | 12.8 |
| Villagers / military | 40 / 0 |
Focus
⚔️ 7.6% · 🌾 92.4%
Fishing Ship ×6
Feudal
13:41
Castle
—
Imperial
—
| APM avg | 8.8 |
| APM peak | 19 |
| eAPM avg | 7.8 |
| Villagers / military | 30 / 0 |
Focus
⚔️ 16.8% · 🌾 83.2%
Trade Cart ×5 · Fishing Ship ×4
Match map
Initial resources + every placement click. Lines = walls · curves = elevation contours. ◆ gold · ⬟ stone · ● berries · ✦ relic · ◌ wall gap
Inputs per minute
— 2206487165 - - M.S.
Build order — 2206487165
75 actions detected in the replay
| 0:02 | Build | House |
| 0:03 | Build | House |
| 0:04 | Create | Villager (Male) |
| 0:04 | Create | Villager (Male) |
| 0:04 | Create | Villager (Male) |
| 0:04 | Create | Villager (Male) |
| 1:42 | Create | Villager (Male) |
| 1:42 | Create | Villager (Male) |
| 1:42 | Create | Villager (Male) |
| 1:49 | Build | Lumber Camp |
| 2:18 | Create | Villager (Male) |
| 2:18 | Create | Villager (Male) |
| 2:18 | Create | Villager (Male) |
| 2:45 | Create | Villager (Male) |
| 2:45 | Create | Villager (Male) |
| 3:10 | Build | House |
| 3:23 | Create | Villager (Male) |
| 3:23 | Create | Villager (Male) |
| 3:34 | Build | House |
| 4:06 | Create | Villager (Male) |
| 4:06 | Create | Villager (Male) |
| 4:47 | Build | Mill |
| 4:53 | Create | Villager (Male) |
| 4:53 | Create | Villager (Male) |
| 5:19 | Create | Villager (Male) |
| 5:19 | Create | Villager (Male) |
| 6:16 | Create | Villager (Male) |
| 6:16 | Create | Villager (Male) |
| 6:17 | Create | Villager (Male) |
| 6:20 | Create | Villager (Male) |
| 6:20 | Create | Villager (Male) |
| 6:20 | Create | Villager (Male) |
| 8:03 | Research | Feudal Age |
| 8:19 | Build | Mill |
| 8:48 | Build | Mining Camp |
| 9:04 | Build | Farm |
| 9:06 | Create | Villager (Male) |
| 9:06 | Create | Villager (Male) |
| 9:18 | Build | House |
| 10:21 | Build | Palisade Wall |
| 10:37 | Build | House |
| 11:08 | Age | Feudal Age |
| 11:16 | Build | Market |
| 11:23 | Build | Blacksmith |
| 11:24 | Create | Villager (Male) |
| 11:43 | Research | Double-Bit Axe |
| 12:09 | Research | Horse Collar |
| 12:18 | Research | Castle Age |
| 12:36 | Build | Farm |
| 12:39 | Build | Farm |
| 12:44 | Build | Farm |
| 12:46 | Build | Farm |
| 12:52 | Build | Farm |
| 13:32 | Build | House |
| 13:51 | Build | Stone Wall |
| 13:58 | Build | Stone Wall |
| 14:03 | Build | Farm |
| 14:33 | Create | Villager (Male) |
| 14:34 | Create | Villager (Male) |
| 14:45 | Build | Mining Camp |
| 15:03 | Age | Castle Age |
| 15:41 | Build | Town Center |
| 15:46 | Create | Villager (Male) |
| 15:46 | Create | Villager (Male) |
| 15:49 | Research | Bow Saw |
| 16:18 | Build | Town Center |
| 16:31 | Create | Villager (Male) |
| 16:45 | Build | House |
| 17:22 | Create | Villager (Male) ×5 |
| 17:25 | Build | Farm |
| 17:25 | Build | Farm |
| 17:30 | Create | Villager (Male) ×5 |
| 17:41 | Build | House |
| 17:44 | Create | Villager (Male) ×3 |
| 17:51 | Build | Farm |
Build order — M.S.
102 actions detected in the replay
| 0:01 | Create | Villager (Male) ×4 |
| 0:01 | Create | Villager (Male) |
| 0:01 | Create | Villager (Male) |
| 0:01 | Create | Villager (Male) |
| 0:01 | Create | Villager (Male) |
| 0:01 | Create | Villager (Male) |
| 0:01 | Create | Villager (Male) |
| 0:01 | Create | Villager (Male) |
| 0:01 | Create | Villager (Male) |
| 0:01 | Create | Villager (Male) |
| 0:01 | Create | Villager (Male) |
| 0:01 | Create | Villager (Male) |
| 0:01 | Create | Villager (Male) |
| 0:01 | Create | Villager (Male) |
| 0:01 | Create | Villager (Male) |
| 0:01 | Create | Villager (Male) |
| 0:01 | Create | Villager (Male) |
| 0:01 | Create | Villager (Male) |
| 0:01 | Create | Villager (Male) |
| 0:01 | Create | Villager (Male) |
| 0:01 | Create | Villager (Male) |
| 0:01 | Create | Villager (Male) |
| 0:01 | Create | Villager (Male) |
| 0:01 | Create | Villager (Male) |
| 0:01 | Create | Villager (Male) |
| 0:03 | Build | House |
| 0:40 | Research | Loom |
| 0:41 | Create | Villager (Male) ×2 |
| 0:41 | Create | Villager (Male) ×2 |
| 1:25 | Build | Building 804 |
| 1:38 | Build | Palisade Wall |
| 1:50 | Create | Villager (Male) |
| 1:51 | Create | Villager (Male) |
| 2:50 | Build | House |
| 2:57 | Build | House |
| 3:00 | Build | House |
| 3:03 | Create | Villager (Male) |
| 3:03 | Create | Villager (Male) |
| 3:04 | Create | Villager (Male) |
| 3:04 | Create | Villager (Male) |
| 3:35 | Create | Villager (Male) |
| 3:35 | Create | Villager (Male) |
| 4:06 | Create | Villager (Male) |
| 4:06 | Create | Villager (Male) |
| 4:25 | Create | Villager (Male) |
| 4:26 | Create | Villager (Male) |
| 5:07 | Create | Villager (Male) |
| 5:08 | Create | Villager (Male) |
| 5:58 | Create | Villager (Male) |
| 5:58 | Create | Villager (Male) |
| 5:58 | Create | Villager (Male) |
| 6:34 | Build | Mill |
| 6:52 | Create | Villager (Male) |
| 6:52 | Create | Villager (Male) |
| 6:53 | Create | Villager (Male) |
| 6:53 | Create | Villager (Male) |
| 6:56 | Create | Villager (Male) |
| 7:20 | Build | Dock |
| 7:29 | Build | House |
| 7:30 | Build | House |
| 8:15 | Create | Villager (Male) |
| 8:15 | Create | Villager (Male) |
| 8:15 | Create | Villager (Male) |
| 8:16 | Create | Villager (Male) |
| 8:16 | Create | Villager (Male) |
| 8:16 | Create | Villager (Male) |
| 9:11 | Create | Villager (Male) |
| 9:11 | Create | Villager (Male) |
| 9:12 | Create | Villager (Male) |
| 9:15 | Create | Fishing Ship |
| 11:02 | Build | Lumber Camp |
| 11:13 | Research | Feudal Age |
| 11:19 | Build | House |
| 11:19 | Build | House |
| 12:43 | Build | Mining Camp |
| 13:17 | Create | Villager (Male) |
| 13:17 | Create | Villager (Male) |
| 13:22 | Create | Fishing Ship |
| 13:45 | Age | Feudal Age |
| 13:52 | Create | Villager (Male) |
| 13:52 | Create | Villager (Male) |
| 14:06 | Build | Stone Wall |
| 14:21 | Build | Stone Wall |
| 14:25 | Build | Stone Wall |
| 14:29 | Build | Stone Wall |
| 14:46 | Build | Market |
| 14:51 | Build | Blacksmith |
| 14:55 | Research | Double-Bit Axe |
| 15:25 | Build | Mill |
| 15:30 | Create | Villager (Male) |
| 15:36 | Create | Fishing Ship |
| 16:05 | Research | Castle Age |
| 16:43 | Create | Trade Cart |
| 16:57 | Research | Tech 906 |
| 17:07 | Create | Fishing Ship |
| 17:27 | Build | Building 673 |
| 17:32 | Build | Stone Wall |
| 17:38 | Build | Stone Wall |
| 17:40 | Build | Stone Wall |
| 17:49 | Create | Villager (Male) |
| 17:49 | Create | Villager (Male) |
| 17:57 | Create | Fishing Ship |
Build order — 刀他(她)
64 actions detected in the replay
| 0:02 | Create | Villager (Male) |
| 0:02 | Create | Villager (Male) |
| 0:02 | Create | Villager (Male) |
| 0:04 | Build | House |
| 0:06 | Build | House |
| 0:37 | Create | Villager (Male) |
| 0:39 | Research | Loom |
| 1:11 | Build | Palisade Wall |
| 1:17 | Create | Villager (Male) |
| 1:45 | Build | Palisade Wall |
| 2:00 | Build | Palisade Wall |
| 2:13 | Create | Villager (Male) |
| 2:39 | Create | Villager (Male) |
| 2:51 | Build | Palisade Wall |
| 3:02 | Create | Villager (Male) |
| 3:02 | Create | Villager (Male) |
| 3:26 | Build | Lumber Camp |
| 3:33 | Create | Villager (Male) |
| 3:57 | Create | Villager (Male) |
| 4:31 | Create | Villager (Male) |
| 4:31 | Create | Villager (Male) |
| 4:41 | Build | House |
| 4:53 | Create | Villager (Male) |
| 5:29 | Create | Villager (Male) |
| 5:53 | Create | Villager (Male) |
| 6:11 | Create | Villager (Male) |
| 6:34 | Create | Villager (Male) |
| 7:00 | Create | Villager (Male) |
| 7:03 | Build | House |
| 7:10 | Create | Villager (Male) |
| 7:40 | Build | Mining Camp |
| 7:41 | Create | Villager (Male) |
| 7:53 | Build | Mill |
| 8:25 | Create | Villager (Male) |
| 8:28 | Build | House |
| 8:56 | Build | Mill |
| 8:57 | Create | Villager (Male) |
| 9:25 | Create | Villager (Male) |
| 9:44 | Research | Feudal Age |
| 9:49 | Build | Mill |
| 11:45 | Create | Villager (Male) |
| 11:45 | Create | Villager (Male) |
| 12:00 | Age | Feudal Age |
| 12:10 | Build | Blacksmith |
| 12:15 | Build | Market |
| 12:23 | Build | Stone Wall |
| 12:49 | Create | Villager (Male) |
| 13:04 | Create | Villager (Male) |
| 13:33 | Create | Villager (Male) |
| 14:06 | Create | Villager (Male) |
| 14:12 | Build | House |
| 14:19 | Research | Wheelbarrow |
| 14:44 | Research | Castle Age |
| 15:01 | Research | Double-Bit Axe |
| 16:14 | Build | Dock |
| 16:27 | Build | Dock |
| 16:49 | Build | Dock |
| 17:25 | Build | Dock |
| 17:28 | Create | Fishing Ship |
| 17:38 | Build | Farm |
| 17:39 | Build | Farm |
| 17:40 | Build | Farm |
| 17:41 | Build | Farm |
| 17:43 | Build | Farm |
Build order — Geosim
93 actions detected in the replay
| 0:01 | Research | Loom |
| 0:02 | Create | Villager (Male) ×4 |
| 0:04 | Build | House |
| 0:07 | Build | House |
| 1:25 | Create | Villager (Male) |
| 1:54 | Create | Villager (Male) |
| 2:17 | Build | Lumber Camp |
| 2:25 | Create | Villager (Male) |
| 2:45 | Create | Villager (Male) |
| 2:45 | Create | Villager (Male) |
| 2:49 | Build | House |
| 2:52 | Build | House |
| 3:10 | Create | Villager (Male) |
| 3:43 | Create | Villager (Male) |
| 4:02 | Create | Villager (Male) |
| 4:28 | Build | Mill |
| 4:36 | Create | Villager (Male) |
| 4:36 | Create | Villager (Male) |
| 4:51 | Create | Villager (Male) |
| 5:24 | Create | Villager (Male) |
| 5:35 | Create | Villager (Male) |
| 5:35 | Create | Villager (Male) |
| 5:59 | Build | House |
| 6:21 | Create | Villager (Male) |
| 6:57 | Create | Villager (Male) |
| 6:58 | Create | Villager (Male) |
| 7:15 | Build | Barracks |
| 7:46 | Create | Villager (Male) ×5 |
| 9:10 | Build | House |
| 9:16 | Build | Palisade Gate |
| 9:21 | Build | Barracks |
| 9:41 | Build | Mining Camp |
| 9:47 | Research | Feudal Age |
| 9:53 | Create | Militia |
| 10:03 | Build | House |
| 10:07 | Build | House |
| 10:12 | Create | Villager (Male) |
| 10:21 | Create | Militia |
| 10:22 | Create | Militia |
| 10:50 | Create | Villager (Male) |
| 10:51 | Create | Militia |
| 10:52 | Create | Militia |
| 11:11 | Build | House |
| 11:13 | Build | House |
| 11:18 | Create | Militia |
| 12:12 | Age | Feudal Age |
| 12:13 | Research | Man-at-Arms (upgrade) |
| 12:13 | Research | Man-at-Arms (upgrade) |
| 12:16 | Build | Blacksmith |
| 12:21 | Research | Double-Bit Axe |
| 12:25 | Research | Horse Collar |
| 12:26 | Research | Gold Mining |
| 12:30 | Build | Farm |
| 12:30 | Build | Farm |
| 13:00 | Create | Villager (Male) |
| 13:01 | Research | Forging |
| 13:22 | Create | Villager (Male) |
| 13:32 | Build | House |
| 13:36 | Create | Villager (Male) |
| 13:44 | Build | Mill |
| 13:50 | Build | Farm |
| 13:50 | Build | Farm |
| 13:52 | Create | Villager (Male) |
| 14:08 | Build | Farm |
| 14:20 | Build | Barracks |
| 14:50 | Create | Villager (Male) |
| 14:53 | Build | Farm |
| 14:54 | Build | Farm |
| 14:54 | Build | Farm |
| 14:55 | Build | Farm |
| 14:57 | Create | Villager (Male) |
| 15:11 | Research | Scale Mail Armor |
| 15:32 | Create | Villager (Male) |
| 15:36 | Build | Farm |
| 15:36 | Build | Farm |
| 15:47 | Build | Market |
| 15:50 | Create | Villager (Male) |
| 16:05 | Build | House |
| 16:16 | Build | Palisade Gate |
| 16:23 | Build | Farm |
| 16:25 | Create | Villager (Male) |
| 16:36 | Build | Farm |
| 16:38 | Create | Villager (Male) |
| 16:59 | Build | Farm |
| 17:06 | Build | Farm |
| 17:09 | Create | Villager (Male) |
| 17:26 | Build | House |
| 17:31 | Build | Building 804 |
| 17:39 | Build | Barracks |
| 17:44 | Create | Villager (Male) |
| 17:47 | Build | Farm |
| 17:52 | Build | Farm |
| 17:55 | Research | Wheelbarrow |
Build order — ska_18
75 actions detected in the replay
| 0:01 | Create | Villager (Male) |
| 0:02 | Create | Villager (Male) |
| 0:02 | Create | Villager (Male) |
| 0:03 | Build | House |
| 0:05 | Build | House |
| 0:35 | Research | Loom |
| 0:37 | Create | Villager (Male) |
| 0:37 | Create | Villager (Male) |
| 0:38 | Create | Villager (Male) |
| 1:32 | Build | Palisade Wall |
| 1:41 | Build | Mining Camp |
| 2:10 | Create | Villager (Male) |
| 2:10 | Create | Villager (Male) |
| 3:00 | Create | Villager (Male) |
| 3:00 | Create | Villager (Male) |
| 3:46 | Create | Villager (Male) |
| 3:46 | Create | Villager (Male) |
| 4:03 | Create | Villager (Male) |
| 4:03 | Create | Villager (Male) |
| 4:36 | Create | Villager (Male) |
| 4:37 | Create | Villager (Male) |
| 4:50 | Create | Villager (Male) |
| 4:50 | Create | Villager (Male) |
| 5:12 | Build | House |
| 5:17 | Create | Villager (Male) |
| 5:17 | Create | Villager (Male) |
| 5:17 | Create | Villager (Male) |
| 6:28 | Create | Villager (Male) |
| 6:29 | Create | Villager (Male) |
| 6:29 | Create | Villager (Male) |
| 6:29 | Create | Villager (Male) |
| 6:29 | Create | Villager (Male) |
| 6:30 | Create | Villager (Male) |
| 7:06 | Create | Villager (Male) |
| 7:06 | Create | Villager (Male) |
| 7:28 | Build | House |
| 8:03 | Build | Lumber Camp |
| 8:38 | Create | Villager (Male) |
| 8:38 | Create | Villager (Male) |
| 9:10 | Create | Villager (Male) |
| 9:28 | Build | House |
| 9:29 | Build | House |
| 10:02 | Create | Villager (Male) |
| 10:02 | Create | Villager (Male) |
| 10:24 | Build | Dock |
| 10:52 | Build | Mining Camp |
| 10:56 | Research | Feudal Age |
| 11:07 | Create | Fishing Ship |
| 11:07 | Create | Fishing Ship |
| 11:17 | Create | Fishing Ship |
| 11:44 | Create | Fishing Ship |
| 11:44 | Create | Fishing Ship |
| 11:59 | Create | Villager (Male) |
| 11:59 | Create | Villager (Male) |
| 11:59 | Create | Villager (Male) |
| 12:01 | Create | Villager (Male) |
| 12:11 | Build | Mill |
| 12:25 | Create | Fishing Ship |
| 12:34 | Build | House |
| 12:40 | Build | House |
| 12:41 | Build | House |
| 12:49 | Create | Villager (Male) |
| 12:50 | Create | Villager (Male) |
| 13:14 | Age | Feudal Age |
| 13:53 | Build | Barracks |
| 14:00 | Build | Market |
| 14:03 | Build | House |
| 15:10 | Build | Farm |
| 15:11 | Build | Farm |
| 15:12 | Build | Farm |
| 15:32 | Build | Farm |
| 15:34 | Build | Farm |
| 15:36 | Build | Farm |
| 15:37 | Build | Farm |
| 16:35 | Build | Archery Range |
Build order — simirfan
65 actions detected in the replay
| 0:03 | Research | Loom |
| 0:03 | Create | Villager (Male) ×4 |
| 0:06 | Build | House |
| 0:08 | Build | House |
| 0:22 | Build | Palisade Wall |
| 0:28 | Build | Palisade Wall |
| 2:23 | Create | Villager (Male) |
| 3:32 | Create | Villager (Male) |
| 3:32 | Create | Villager (Male) |
| 3:53 | Create | Villager (Male) |
| 4:08 | Build | Building 804 |
| 4:21 | Create | Villager (Male) |
| 4:31 | Create | Villager (Male) |
| 4:57 | Build | House |
| 5:03 | Create | Villager (Male) |
| 5:36 | Create | Villager (Male) |
| 5:48 | Build | Lumber Camp |
| 6:11 | Create | Villager (Male) |
| 6:11 | Create | Villager (Male) |
| 6:41 | Build | Mill |
| 6:56 | Create | Villager (Male) |
| 7:01 | Build | House |
| 7:14 | Create | Villager (Male) |
| 7:57 | Create | Villager (Male) |
| 7:58 | Create | Villager (Male) |
| 8:06 | Build | Lumber Camp |
| 9:00 | Create | Villager (Male) ×4 |
| 9:22 | Build | Dock |
| 9:36 | Build | House |
| 10:10 | Create | Villager (Male) |
| 10:22 | Create | Villager (Male) |
| 10:34 | Create | Fishing Ship |
| 10:51 | Build | Mining Camp |
| 11:02 | Create | Fishing Ship |
| 11:30 | Research | Feudal Age |
| 11:41 | Build | Mill |
| 12:05 | Build | House |
| 12:12 | Build | House |
| 12:18 | Create | Villager (Male) |
| 12:18 | Create | Villager (Male) |
| 13:08 | Create | Villager (Male) |
| 13:33 | Create | Fishing Ship |
| 13:33 | Create | Fishing Ship |
| 13:41 | Age | Feudal Age |
| 13:44 | Build | Stone Wall |
| 14:16 | Research | Double-Bit Axe |
| 14:23 | Build | Blacksmith |
| 14:29 | Build | Market |
| 14:55 | Build | Stone Wall |
| 15:10 | Build | Building 487 |
| 15:15 | Build | Stone Wall |
| 15:17 | Build | Stone Wall |
| 15:24 | Build | Mining Camp |
| 15:32 | Create | Villager (Male) |
| 15:33 | Create | Villager (Male) |
| 15:34 | Create | Villager (Male) |
| 15:49 | Build | Stone Wall |
| 16:15 | Build | House |
| 16:16 | Build | House |
| 16:22 | Create | Trade Cart ×3 |
| 16:55 | Build | Mill |
| 17:05 | Research | Castle Age |
| 17:44 | Research | Gold Mining |
| 17:55 | Create | Trade Cart |
| 17:57 | Create | Trade Cart |
Match timeline
| 0:22 | simirfan · wall_segment Palisade Wall x14 |
| 0:28 | simirfan · wall_segment Palisade Wall x13 |
| 1:11 | 刀他(她) · wall_segment Palisade Wall x7 |
| 1:32 | ska_18 · wall_segment Palisade Wall x10 |
| 1:38 | M.S. · wall_segment Palisade Wall x12 |
| 1:45 | 刀他(她) · wall_segment Palisade Wall x7 |
| 2:00 | 刀他(她) · wall_segment Palisade Wall x1 |
| 2:51 | 刀他(她) · wall_segment Palisade Wall x11 |
| 7:15 | Geosim · first_building Barracks |
| 7:20 | M.S. · first_building Dock |
| 9:22 | simirfan · first_building Dock |
| 10:21 | 2206487165 · wall_segment Palisade Wall x11 |
| 10:24 | ska_18 · first_building Dock |
| 11:08 | 2206487165 · age_up feudal |
| 12:00 | 刀他(她) · age_up feudal |
| 12:12 | Geosim · age_up feudal |
| 12:23 | 刀他(她) · wall_segment Stone Wall x11 |
| 13:14 | ska_18 · age_up feudal |
| 13:41 | simirfan · age_up feudal |
| 13:44 | simirfan · wall_segment Stone Wall x10 |
| 13:45 | M.S. · age_up feudal |
| 13:51 | 2206487165 · wall_segment Stone Wall x6 |
| 13:53 | ska_18 · first_building Barracks |
| 13:58 | 2206487165 · wall_segment Stone Wall x1 |
| 14:06 | M.S. · wall_segment Stone Wall x14 |
| 14:21 | M.S. · wall_segment Stone Wall x3 |
| 14:25 | M.S. · wall_segment Stone Wall x7 |
| 14:29 | M.S. · wall_segment Stone Wall x10 |
| 14:55 | simirfan · wall_segment Stone Wall x10 |
| 15:03 | 2206487165 · age_up castle |
| 15:15 | simirfan · wall_segment Stone Wall x6 |
| 15:17 | simirfan · wall_segment Stone Wall x5 |
| 15:49 | simirfan · wall_segment Stone Wall x9 |
| 16:03 | M.S. · first_market_sell 100 wood |
| 16:14 | 刀他(她) · first_building Dock |
| 16:35 | ska_18 · first_building Archery Range |
| 17:27 | ska_18 · resign |
| 17:32 | M.S. · wall_segment Stone Wall x4 |
| 17:38 | M.S. · wall_segment Stone Wall x3 |
| 17:40 | M.S. · wall_segment Stone Wall x5 |
[ AI ANALYSIS · 1 CREDIT ]
What really happened in this match?
Wolo.gg analyzes every decision: build order, eco, micro, common mistakes by bracket. Personalized analysis on WhatsApp or Discord in 30 seconds.
Civ guide
Mongols
Perfil
Jugador #4181199